 Dungeon Crawl Stone Soup version 0.28-a0-1395-g4f6bc678fa (webtiles) character file.

Game seed: 17660693643487114163

1046 Astera the Cleaver (level 8, -4/58 HPs)
             Began as a Gnoll Wanderer on Dec 28, 2021.
             Was a Priest of Nemelex Xobeh.
             Splashed by a brown ugly thing's acid (9 damage)
             ... on level 5 of the Dungeon on Jan 4, 2022.
             The game lasted 00:27:30 (8881 turns).

Astera the Cleaver (Gnoll Wanderer)                 Turns: 8881, Time: 00:27:32

Health: -4/58      AC:  6    Str: 13    XL:     8   Next: 25%
Magic:  12/12      EV: 13    Int:  9    God:    Nemelex Xobeh [***...]
Gold:   435        SH:  0    Dex: 21    Spells: 13/13 levels left

rFire   . . .      SeeInvis .   A - +4 falchion (holy)
rCold   + . .      Faith    .   (no shield)
rNeg    . . .      Spirit   .   G - +0 ring mail of Wirhaacy {rElec}
rPois   .          Reflect  .   H - +0 helmet
rElec   +          Harm     .   (no cloak)
rCorr   .          Rampage  .   u - +0 pair of gloves
Will    .....                   m - +0 pair of boots
Stlth   ++........              (no amulet)
HPRegen 0.19/turn               t - +6 ring of dexterity
MPRegen 0.13/turn               y - ring of protection from cold

@: corroded
A: fangs 1, strong nose, distributed training
a: Renounce Religion, Draw Escape, Draw Destruction, Draw Summoning, Triple Draw


You were on level 5 of the Dungeon.
You worshipped Nemelex Xobeh.
Nemelex Xobeh was most pleased with you.
You visited 1 branch of the dungeon, and saw 6 of its levels.
You also visited: Sewer and Ossuary.

You collected 525 gold pieces.
You spent 90 gold pieces at shops.

Inventory:

Hand Weapons
 a - a +2 dagger
 c - a +0 hand axe
 A - a +4 falchion of holy wrath (weapon)
Missiles
 b - 3 curare-tipped darts
 i - 6 javelins
 v - 23 poisoned darts
 B - 103 stones (quivered)
Armour
 m - a +0 pair of boots (worn)
 u - a +0 pair of gloves (worn)
 D - a +1 robe of willpower
 G - the +0 ring mail of Wirhaacy (worn) {rElec}
   (You found it on level 5 of the Dungeon)

   rElec:     It insulates you from electricity.
 H - a +0 helmet (worn)
Magical Staves
 g - a staff of air
Jewellery
 t - a +6 ring of dexterity (left hand)
 y - a ring of protection from cold (right hand)
 K - a ring of protection from cold
Wands
 f - a wand of iceblast (3)
 k - a wand of polymorph (3)
 s - a wand of flame (69)
 w - a wand of acid (8)
Scrolls
 d - a scroll of silence
 o - a scroll of summoning {unknown}
 p - a scroll of brand weapon {unknown}
 q - a scroll of fog {unknown}
 x - 2 scrolls of teleportation
 z - a scroll of blinking
 C - 2 scrolls of immolation
 F - a scroll of enchant weapon
 J - a scroll of fear {unknown}
Potions
 e - a potion of heal wounds
 h - 3 potions of attraction
 j - 2 potions of might
 l - 4 potions of curing
 n - a potion of brilliance
 r - 3 potions of haste
 E - a potion of berserk rage
 I - a potion of resistance {unknown}


   Skills:
 + Level 3.1 Fighting
 + Level 3.1 Short Blades
 + Level 3.1 Long Blades
 + Level 10.9 Axes
 + Level 3.1 Maces & Flails
 + Level 3.1 Polearms
 + Level 3.1 Staves
 + Level 3.1 Slings
 + Level 3.1 Bows
 + Level 3.1 Crossbows
 + Level 5.6 Throwing
 + Level 5.6 Armour
 + Level 4.1 Dodging
 + Level 3.1 Stealth
 + Level 3.1 Shields
 + Level 3.1 Unarmed Combat
 + Level 3.1 Spellcasting
 + Level 2.5 Conjurations
 + Level 2.5 Hexes
 + Level 2.5 Summonings
 + Level 2.5 Necromancy
 + Level 2.5 Translocations
 + Level 2.5 Transmutations
 + Level 2.5 Fire Magic
 + Level 2.5 Ice Magic
 + Level 2.5 Air Magic
 + Level 2.5 Earth Magic
 + Level 2.5 Poison Magic
 + Level 3.4 Invocations
 + Level 3.1 Evocations


You had 13 spell levels left.
You didn't know any spells.
Your spell library contained the following spells:

 Spells                   Type           Power      Damage    Failure   Level
 Magic Dart               Conj           20%        1d4       22%         1
 Searing Ray              Conj           10%        2d4       32%         2
 Sublimation of Blood     Necr           5%         N/A       32%         2
 Wereblood                Tmut           5%         N/A       32%         2
 Dazzling Flash           Conj/Hex       10%        N/A       54%         3
 Ozocubu's Armour         Ice            5%         N/A       54%         3
 Fulminant Prism          Conj/Hex       2%         3d6       91%         4
 Agony                    Necr           5%         N/A       99%         5
 Metabolic Englaciation   Hex/Ice        2%         N/A       99%         5
 Silence                  Hex/Air        2%         N/A       99%         5
 Simulacrum               Ice/Necr       2%         N/A       100%        6
 Summon Hydra             Summ           2%         N/A       100%        7


Dungeon Overview and Level Annotations

Branches:
Dungeon (6/15)              Sewer (visited)         Ossuary (visited)
 Temple: D:4-7

Altars:
Nemelex Xobeh
Zin

Annotations:
D:4 Dowan, Duvessa


Innate Abilities, Weirdness & Mutations

You have very sharp teeth.
Your uncanny sense of smell can sniff out nearby items.
Your experience applies equally to all skills.


Message History

There is an open door here.
There is an open door here.
There is a stone staircase leading up here.
The brown ugly thing barely misses you.
You climb upwards.
There is a stone staircase leading down here.
Press: ? - help, v - describe, . - travel The floor.
Press: ? - help, v - describe, . - travel
Here: a brown ugly thing The floor.
Unknown command.
Unknown command.
Unknown command.
You hit the brown ugly thing.
The brown ugly thing is lightly wounded.
The brown ugly thing bites you.
You are splashed with acid.
You slash the brown ugly thing!
The brown ugly thing is lightly wounded.
The brown ugly thing bites you.
You are splashed with acid.
The brown ugly thing bites you!
You are splashed with acid!
You slash the brown ugly thing!
The brown ugly thing is moderately wounded.
The brown ugly thing bites you!
* * * LOW HITPOINT WARNING * * *
The acid corrodes you!
You are splashed with acid!
* * * LOW HITPOINT WARNING * * *
You hit the brown ugly thing.
The brown ugly thing is moderately wounded.
The brown ugly thing misses you.
You closely miss the brown ugly thing. Your bite misses the brown ugly thing.
The brown ugly thing is moderately wounded.
The brown ugly thing misses you.
You closely miss the brown ugly thing.
The brown ugly thing is moderately wounded.
The brown ugly thing bites you.
* * * LOW HITPOINT WARNING * * *
You are splashed with acid!
You die...
Your body disappears without a glow.

.........## ###.....#...........#
........>####...................#
.....##...##.....................
..#.####.................#.......
.##....##..........)....##.##....
.##.....##..............#........
.#.............>........##..##...
.#..........)...u.......##..####.
..............<.@.##........# ##
.......<..........##.....####
.......................#.#
................##.##.####
......................##
............#......#...#
.......##...#...[..##.##
...................##.#
.......##.##..##...####


You could see a brown ugly thing.

Vanquished Creatures
  An ice beast (D:6)
  A necrophage (D:5)
  A bullfrog (Sewer)
  A bullfrog zombie (D:5)
  A centaur zombie (D:5)
  3 orc priests (D:5)
  5 hounds
  A jelly (D:3)
  A bullfrog skeleton (D:5)
  2 iguanas
  Natasha (thrice) (D:4)
  An orc wizard (D:5)
  A hound zombie (D:5)
  8 mummies (Ossuary)
  6 adders
  An ufetubus (D:4)
  2 worms
  2 dart slugs
  5 orcs
  7 bats
  7 endoplasms
  15 giant cockroaches
  A gnoll zombie (Ossuary)
  8 goblins
  5 hobgoblins
  9 quokkas
  10 ball pythons
  10 frilled lizards
  4 hobgoblin zombies (Ossuary)
  A kobold (D:4)
  3 orc zombies (Ossuary)
  A quokka skeleton (D:4)
  6 rats (D:1)
133 creatures vanquished.

Vanquished Creatures (others)
  An orc wizard (D:5)
  An orc (D:5)
  3 demonic plants (D:2)
  7 fungi (D:2)
  8 plants (D:2)
  2 withered plants (D:2)
22 creatures vanquished.

Grand Total: 155 creatures vanquished

Notes
Turn   | Place    | Note
-------+----------+-------------------------------------------
     0 | D:1      | Reached skill level 10 in Axes
     0 | D:1      | Astera the Gnoll Wanderer began the quest for the Orb.
     0 | D:1      | Astera set off with the following items: a +2 dagger, 3
                  | curare-tipped darts, a +0 hand axe, a scroll of silence, a
                  | +0 leather armour
     0 | D:1      | Reached XP level 1. HP: 13/13 MP: 1/1
   483 | D:1      | Reached XP level 2. HP: 16/19 MP: 2/2
   927 | D:1      | Reached XP level 3. HP: 25/25 MP: 3/3
  1498 | D:2      | Found a faded altar of an unknown god.
  1527 | D:2      | Prayed at the altar of an unknown god.
  1527 | D:2      | Became a worshipper of Nemelex Xobeh the Trickster
  1527 | D:2      | Reached * piety under Nemelex Xobeh
  1527 | D:2      | Received a gift from Nemelex Xobeh
  1528 | D:2      | Upgraded the game from 0.28-a0-1334-g1c9ffb4daf to
                  | 0.28-a0-1348-g050f3537b9
  1640 | D:2      | Reached skill level 1 in Invocations
  1997 | D:2      | Reached skill level 1 in Fighting
  1997 | D:2      | Reached skill level 1 in Short Blades
  1997 | D:2      | Reached skill level 1 in Long Blades
  1997 | D:2      | Reached skill level 1 in Maces & Flails
  1997 | D:2      | Reached skill level 1 in Polearms
  1997 | D:2      | Reached skill level 1 in Staves
  1997 | D:2      | Reached skill level 1 in Slings
  1997 | D:2      | Reached skill level 1 in Bows
  1997 | D:2      | Reached skill level 1 in Crossbows
  1997 | D:2      | Reached skill level 1 in Stealth
  1997 | D:2      | Reached skill level 1 in Shields
  1997 | D:2      | Reached skill level 1 in Unarmed Combat
  1997 | D:2      | Reached skill level 1 in Spellcasting
  1997 | D:2      | Reached skill level 1 in Evocations
  2401 | D:3      | Reached XP level 4. HP: 27/32 MP: 5/5
  2429 | D:3      | Upgraded the game from 0.28-a0-1348-g050f3537b9 to
                  | 0.28-a0-1365-g7e0445c96d
  2815 | D:3      | Reached ** piety under Nemelex Xobeh
  2962 | D:3      | Reached skill level 1 in Conjurations
  2962 | D:3      | Reached skill level 1 in Hexes
  2962 | D:3      | Reached skill level 1 in Summonings
  2962 | D:3      | Reached skill level 1 in Necromancy
  2962 | D:3      | Reached skill level 1 in Translocations
  2962 | D:3      | Reached skill level 1 in Transmutations
  2962 | D:3      | Reached skill level 1 in Fire Magic
  2962 | D:3      | Reached skill level 1 in Ice Magic
  2962 | D:3      | Reached skill level 1 in Air Magic
  2962 | D:3      | Reached skill level 1 in Earth Magic
  2962 | D:3      | Reached skill level 1 in Poison Magic
  3068 | D:3      | Received a gift from Nemelex Xobeh
  3069 | D:3      | Upgraded the game from 0.28-a0-1365-g7e0445c96d to
                  | 0.28-a0-1382-g92835e5c71
  3428 | D:3      | Upgraded the game from 0.28-a0-1382-g92835e5c71 to
                  | 0.28-a0-1387-g3a22ab9bdc
  3589 | D:3      | Reached XP level 5. HP: 37/37 MP: 6/6
  3991 | D:4      | Found a glowing drain.
  4005 | Sewer    | Entered a sewer
  4477 | Sewer    | Reached XP level 6. HP: 43/44 MP: 8/8
  4617 | D:4      | Noticed Natasha
  4631 | D:4      | Killed Natasha
  4632 | D:4      | Reached skill level 5 in Throwing
  4632 | D:4      | Reached skill level 5 in Armour
  4715 | D:4      | Found Zin's Purification Station.
  4715 | D:4      | Found a glowing silver altar of Zin.
  4727 | D:4      | Bought a potion of curing for 90 gold pieces
  5130 | D:4      | Noticed Natasha
  5151 | D:4      | Killed Natasha
  5197 | D:4      | Noticed Duvessa
  5197 | D:4      | Noticed Dowan
  5397 | D:4      | Noticed Natasha
  5408 | D:4      | Killed Natasha
  5697 | D:5      | Entered Level 5 of the Dungeon
  6143 | D:5      | Found a sand-covered staircase.
  6150 | Ossuary  | Entered an ossuary
  6188 | Ossuary  | Reached XP level 7. HP: 35/50 MP: 10/10
  6730 | Ossuary  | Reached *** piety under Nemelex Xobeh
  6992 | D:5      | Identified the +0 ring mail of Wirhaacy {rElec}
  8109 | D:5      | Upgraded the game from 0.28-a0-1387-g3a22ab9bdc to
                  | 0.28-a0-1389-gc726bef33b
  8187 | D:5      | Reached XP level 8. HP: 54/57 MP: 12/12
  8463 | D:5      | Received a gift from Nemelex Xobeh
  8631 | D:6      | Upgraded the game from 0.28-a0-1389-gc726bef33b to
                  | 0.28-a0-1395-g4f6bc678fa
  8850 | D:6      | Noticed a brown ugly thing
  8881 | D:5      | Splashed by a brown ugly thing's acid

Illustrated notes

Levels and vault maps discovered:
D:1:      psy_arrival_dodecagon, layout_basic, minmay_crystal_water,
          minmay_misc_feat_chi, st_stairs_9
D:2:      layout_basic, shapermc_ecumenical_altar_gd
D:3:      layout_basic, serial_rivers, chequers_serial_rivers_small_b,
          chequers_serial_rivers_small_a, chequers_serial_rivers_large_b,
          chequers_serial_rivers_micro_c, chequers_serial_rivers_small_a,
          chequers_serial_rivers_micro_a, hangedman_decor_riveting
D:4:      layout_loops_corners, zin_purify, serial_rivers,
          chequers_serial_rivers_small_b, chequers_serial_rivers_micro_d,
          chequers_serial_rivers_micro_a, chequers_serial_rivers_small_b,
          portal_sewer_entry_f, uniq_natasha, uniq_duvessa
D:5:      layout_cave_pools, lightli_ossuary_entry_decrepit_ruins,
          minmay_misc_feat_four_crosses
D:6:      layout_gridville, minmay_temple_entry_drinking_statues,
          minmay_misc_feat_encased

Skill      XL: |  1  2  3  4  5  6  7  8 |
---------------+-------------------------+-----
Axes           | | 10.9
Invocations    | 1 2 3 |  3.4
Fighting       | 1 2 3 |  3.1
Short Blades   | 1 2 3 |  3.1
Long Blades    | 1 2 3 |  3.1
Maces & Flails | 1 2 3 |  3.1
Polearms       | 1 2 3 |  3.1
Staves         | 1 2 3 |  3.1
Slings         | 1 2 3 |  3.1
Bows           | 1 2 3 |  3.1
Crossbows      | 1 2 3 |  3.1
Stealth        | 1 2 3 |  3.1
Shields        | 1 2 3 |  3.1
Unarmed Combat | 1 2 3 |  3.1
Spellcasting   | 1 2 3 |  3.1
Evocations     | 1 2 3 |  3.1
Conjurations   | 1 2 |  2.5
Hexes          | 1 2 |  2.5
Summonings     | 1 2 |  2.5
Necromancy     | 1 2 |  2.5
Translocations | 1 2 |  2.5
Transmutations | 1 2 |  2.5
Fire Magic     | 1 2 |  2.5
Ice Magic      | 1 2 |  2.5
Air Magic      | 1 2 |  2.5
Earth Magic    | 1 2 |  2.5
Poison Magic   | 1 2 |  2.5
Dodging        | 3 4 |  4.1
Throwing       | 5 |  5.6
Armour         | 5 |  5.6

Action                   |  1- 3 |  4- 6 |  7- 9 || total
-------------------------+-------+-------+-------++-------
Melee: Dagger            |   140 |   122 |       ||   262
       Bite              |     9 |    19 |    14 ||    42
       Falchion          |       |    47 |   137 ||   184
       Punch             |       |     1 |     2 ||     3
Throw: Boomerang         |     7 |    60 |       ||    67
       Dart              |     1 |     3 |       ||     4
       Stone             |       |    65 |    90 ||   155
Invok: Draw Destruction  |       |       |     3 ||     3
       Draw Escape       |       |       |     1 ||     1
  Use: Scroll            |       |       |     7 ||     7
       Potion            |       |       |     2 ||     2
 Stab: Sleeping          |       |       |     1 ||     1
Armor: Leather armour    |    34 |    43 |       ||    77
       Ring mail         |       |    22 |    49 ||    71
Dodge: Dodged            |    80 |   108 |    71 ||   259

Table legend: (Time is in decaauts)
 A = Elapsed time spent in this place.
 B = Non-inter-level travel time spent in this place.
 C = Inter-level travel time spent in this place.
 D = Time resting spent in this place.
 E = Time spent auto-exploring this place.
 F = Levels seen in this place.
 G = Mean time per level.
                   A        B        C        D        E       F      G
               +--------+--------+--------+--------+--------+-----+--------+
         Total |   8978 |   8623 |    355 |   2278 |   3929 |   8 | 1122.2 |
       Dungeon |   7635 |   7280 |    355 |   1695 |   3798 |   6 | 1272.5 |
         Sewer |    542 |    542 |      0 |    168 |    106 |   1 |  542.0 |
       Ossuary |    800 |    800 |      0 |    414 |     25 |   1 |  800.0 |
               +--------+--------+--------+--------+--------+-----+--------+

Top non-repeatable levels by time:
     D:4: 2401 daAuts
     D:1: 1385 daAuts
     D:3: 1370 daAuts
     D:5: 1205 daAuts
     D:2: 983 daAuts
 Ossuary: 800 daAuts
   Sewer: 542 daAuts
     D:6: 289 daAuts
